Map: Forteresse de fer EC

Players

JUST

  • Race: Terran Terran

AgCl - Winner!

  • Race: Protoss Protoss

VOD

Have the link to the VOD?

Description

Time

  • Played on: May 5, 2015, 9:38 p.m.
  • Length: 6:20
Show
View Real Time Build Order
Export as new Build Order

JUST Terran 

Build Orders: Command Center First (CC) 

Get SALT Encoding   

  12  0:01  SCV  
  13  0:13  SCV  
  14  0:22  Supply Depot  
  14  0:34  SCV  
  15  0:46  SCV  
  16  0:57  Command Center  
  16  1:01  SCV  
  17  1:12  Barracks  
  17  1:15  SCV  
  18  1:27  SCV  
  19  1:34  Refinery  
  19  1:35  Refinery  
  19  1:39  SCV  
  20  1:58  Orbital Command  
  20  2:00  Marine  
  21  2:09  Engineering Bay  
  21  2:10  Orbital Command  
  21  2:18  Marine  
  22  2:27  SCV  
  23  2:45  Supply Depot  
  21  3:01  SCV x2  
  23  3:09  Factory  
  23  3:11  Barracks Tech Lab  
  23  3:13  SCV x2  
  25  3:21  Bunker  
  25  3:25  SCV  
  25  3:26  SCV  
  27  3:38  Terran Infantry Weapons Level 1, SCV x2  
  29  3:45  Barracks Tech Lab  
  27  3:50  SCV  
  27  3:53  Starport  
  26  4:00  Supply Depot  
  22  4:09  Missile Turret  
  22  4:15  Siege Tank  
  24  4:19  Missile Turret  
  22  4:29  SCV x2  
  22  4:38  Supply Depot  
  22  4:41  SCV x2  
  24  4:48  Banshee  
  27  4:53  SCV  
  27  4:54  Cloaking Field  
  27  4:57  SCV  
  29  5:02  Refinery  
  29  5:05  SCV  
  29  5:06  Supply Depot  
  30  5:09  SCV  
  31  5:17  SCV  
  32  5:21  SCV  
  30  5:29  SCV  
  31  5:41  SCV  
  28  5:45  Missile Turret  
  28  5:53  Missile Turret  
  30  6:07  Barracks x2  
  30  6:08  Barracks  
  30  6:09  Barracks  
Show
View Real Time Build Order
Export as new Build Order

AgCl Protoss - Winner!

Build Orders: Oracle Opening, Oracle Opening 

Get SALT Encoding   

  12  0:03  Probe  
  13  0:16  Pylon  
  13  0:18  Probe  
  15  0:38  Gateway  
  15  0:41  Probe, Assimilator  
  15  0:53  Probe  
  16  1:05  Probe  
  16  1:10  Pylon  
  17  1:13  Assimilator  
  17  1:17  Probe  
  18  1:28  Cybernetics Core  
  18  1:29  Probe (Chrono Boost)  
  19  1:33  Zealot (Chrono Boost)  
  19  1:39  Probe (Chrono Boost)  
  22  1:46  Probe (Chrono Boost)  
  23  1:56  Probe (Chrono Boost)  
  24  2:03  Probe  
  24  2:06  Stargate  
  25  2:11  Warp Gate (Chrono Boost)  
  25  2:15  Probe  
  26  2:28  Mothership Core  
  27  2:51  Nexus  
  27  2:57  Oracle (Chrono Boost)  
  28  3:16  Pylon  
  28  3:17  Probe  
  29  3:26  Pylon  
  29  3:37  Probe  
  30  3:49  Probe, Nexus  
  31  4:10  Void Ray (Chrono Boost)  
  35  4:31  Probe x2  
  37  4:37  Pylon  
  37  4:40  Fleet Beacon  
  37  4:43  Probe x2  
  39  4:55  Probe (Chrono Boost)  
  41  5:00  Probe (Chrono Boost)  
  41  5:03  Assimilator  
  41  5:06  Probe (Chrono Boost), Assimilator  
  43  5:08  Probe (Chrono Boost)  
  43  5:10  Stargate  
  43  5:13  Probe (Chrono Boost)  
  45  5:16  Probe (Chrono Boost)  
  45  5:18  Probe (Chrono Boost)  
  47  5:22  Probe (Chrono Boost)  
  47  5:25  Probe (Chrono Boost)  
  49  5:38  Probe (Chrono Boost)  
  49  5:40  Phoenix (Chrono Boost)  
  53  5:42  Probe (Chrono Boost)  
  53  5:44  Probe (Chrono Boost)  
  53  5:56  Probe (Chrono Boost)  
  56  6:00  Probe (Chrono Boost)  
  56  6:02  Probe (Chrono Boost)  
Tags
 
Add a new tag
Caveats
  • Supply blocks, unpowered buildings, or Contaminate may cause inaccurate times.
  • Supply counts are checked every 10 seconds.